 Dungeon Crawl Stone Soup version 0.22-a0-110-g5b255cf (webtiles) character file.

238797 Gorice the Severer (level 19, -23/172 HPs)
             Began as a Hill Orc Gladiator on Jan 26, 2018.
             Was the Champion of Beogh.
             Annihilated by a white very ugly thing (46 damage)
             ... on level 2 of the Vaults on Jan 27, 2018.
             The game lasted 03:28:17 (46107 turns).

Gorice the Severer (Hill Orc Gladiator)            Turns: 46107, Time: 03:28:19

Health: -23/172    AC: 32    Str: 20    XL:     19   Next: 27%
Magic:  0/28       EV: 13    Int: 16    God:    Beogh [******]
Gold:   2011       SH:  0    Dex: 20    Spells: 18/18 levels left

rFire    + . .     SeeInvis .   b - +0 battleaxe (flame)
rCold    . . .     Gourm    .   (shield currently unavailable)
rNeg     . . .     Faith    .   K - +1 plate armour of the Poles {MR+++ Str-5}
rPois    +         Spirit   +   i - +0 helmet of Duty {*Contam rF+ Dex+5}
rElec    +         Reflect  .   h - +3 cloak of Trial and Error {rElec Int+4}
rCorr    .         Harm     .   G - +0 pair of gloves
MR       ++++.                  l - +2 pair of boots {Fly}
Stlth    ..........             x - amulet of guardian spirit
HPRegen  0.38/turn              P - +2 ring of protection
MPRegen  0.21/turn              S - ring "Xaitz" {+Inv rPois Str+4 Int+3}

@: flying, drained
A: walk on water
}: 2/15 runes: decaying, gossamer
a: Smiting, Recall Orcish Followers, Give Item to Named Follower, Resurrection,
Renounce Religion, Evoke Invisibility, Stop Flying


You were on level 2 of the Vaults.
You worshipped Beogh.
Beogh was exalted by your worship.
You were hungry.

You visited 7 branches of the dungeon, and saw 34 of its levels.
You also visited: Bailey.

You collected 3481 gold pieces.
You spent 1470 gold pieces at shops.

Inventory:

Hand Weapons
 a - a +2 battleaxe of freezing
   (You took it off a frost giant on level 9 of the Dungeon)
 b - a +0 battleaxe of flaming (weapon)
   (You took it off an orc warrior on level 1 of the Orcish Mines)
 B - a +0 blowgun
Missiles
 d - 68 tomahawks of returning (quivered)
 F - 6 curare-tipped needles
 W - 6 javelins of returning
 Z - a throwing net
Armour
 h - the +3 cloak of Trial and Error (worn) {rElec Int+4}
   (You bought it in a shop on level 8 of the Dungeon)

   It affects your intelligence (+4).
   It insulates you from electricity.
 i - the +0 helmet of Duty (worn) {*Contam rF+ Dex+5}
   (You bought it in a shop on level 5 of the Dungeon)

   It affects your dexterity (+5).
   It protects you from fire.
   It causes magical contamination when unequipped.
 l - a +2 pair of boots of flying (worn)
   (You bought it in a shop on level 8 of the Dungeon)
 G - a +0 pair of gloves (worn)
 K - the +1 plate armour of the Poles (worn) {MR+++ Str-5}
   (You found it on level 1 of the Lair of Beasts)

   It affects your strength (-5).
   It affects your resistance to hostile enchantments.
Jewellery
 x - an amulet of guardian spirit (around neck)
 C - an uncursed ring of resist corrosion
 P - a +2 ring of protection (left hand)
 S - the ring "Xaitz" (right hand) {+Inv rPois Str+4 Int+3}
   (You found it on level 10 of the Dungeon)

   [ring of poison resistance]

   It affects your strength (+4).
   It affects your intelligence (+3).
   It protects you from poison.
   It lets you turn invisible.
Wands
 c - a wand of acid (17)
 o - a wand of digging (14)
 q - a wand of paralysis (23)
 u - a wand of iceblast (37)
 A - a wand of scattershot (6)
 N - a wand of enslavement (27)
 Q - a wand of clouds (9)
Scrolls
 e - 7 scrolls of teleportation {!r}
 t - 10 scrolls of remove curse
 v - 11 scrolls of identify
 y - 6 scrolls of fear {!r}
 D - 5 scrolls of fog
 J - 2 scrolls of magic mapping {!r}
Potions
 j - 6 potions of curing
 k - 2 potions of berserk rage
 m - a potion of cancellation {!q}
 p - 5 potions of haste {!q}
 r - 7 potions of heal wounds {!q}
 s - 2 potions of invisibility {!q}
 L - 2 potions of might {!q}
 M - a potion of resistance {!q}
Miscellaneous
 O - a sack of spiders
Comestibles
 f - 40 rations
 g - 7 chunks of flesh


   Skills:
 - Level 16.0(15.0) Fighting
 - Level 20.0(18.9) Axes
 - Level 10.0(9.1) Throwing
 * Level 18.1(17.1) Armour
 - Level 10.0(9.1) Dodging
 - Level 12.0(11.1) Invocations
 + Level 11.4(10.5) Evocations


You had 18 spell levels left.
You didn't know any spells.

Dungeon Overview and Level Annotations

Branches:
Dungeon (15/15)            Temple (1/1) D:6            Lair (6/6) D:8
  Swamp (4/4) Lair:3       Spider (4/4) Lair:2        Slime (0/5) Lair:6
    Orc (2/2) D:10            Elf (0/3) Orc:2        Vaults (2/5) D:14
 Depths (0/5) D:15
  Crypt: Vaults:2-3

Altars:
Ashenzari
Cheibriados
Dithmenos
Elyvilon
Fedhas
Gozag
Hepliaklqana
Kikubaaqudgha
Makhleb
Nemelex Xobeh
Okawaru
Qazlal
Ru
Sif Muna
Trog
Uskayaw
Vehumet
Wu Jian
Xom
Yredelemnul
Zin
The Shining One
Jiyva

Shops:
D:5 ::}*   D:8 [   D:13 :   Orc:1 !   Orc:2 (:**[

Portals:
Trove: D:13 (give 9 potions of agility)

Annotations:
Swamp:4 pUX: cold rune cave


Message History

The white very ugly thing bites you but does no damage.
The ogre mage hits you but does no damage.
An ogre mage and an ironbrand convoker come into view.
Unknown command.
You slash the white very ugly thing! You burn the white very ugly thing.
The white very ugly thing is severely wounded.
You slash the ogre mage! You burn the ogre mage.
The white very ugly thing barely misses you.
The ogre mage hits you but does no damage.
An orb spider comes into view.
The ironbrand convoker moves out of view.
The ogre mage hits you but does no damage.
A very ugly thing and a frost giant come into view.
The frost giant is wielding a battleaxe of freezing.
The white very ugly thing barely misses you.
The ogre mage hits you but does no damage.
The white very ugly thing bites you but does no damage.
You closely miss the white very ugly thing.
The white very ugly thing is severely wounded.
The white very ugly thing bites you!! The white very ugly thing freezes you!!
Damage: 42 (max 42)
You completely miss the white very ugly thing.
The white very ugly thing is severely wounded.
The white very ugly thing bites you! The white very ugly thing freezes you!!
The ogre mage misses you.
Damage: 38 (max 42)
You hit the white very ugly thing. You burn the white very ugly thing.
The white very ugly thing is severely wounded.
The white very ugly thing barely misses you.
You closely miss the white very ugly thing.
The white very ugly thing is severely wounded.
The ogre mage barely misses you.
You hit the white very ugly thing. You burn the white very ugly thing.
The white very ugly thing is almost dead.
The white very ugly thing bites you!!
* * * LOW HITPOINT WARNING * * *
The white very ugly thing freezes you!!!
* * * LOW HITPOINT WARNING * * *
The ogre mage hits you but does no damage.
Damage: 53 (max 53)
You closely miss the white very ugly thing.
The white very ugly thing is almost dead.
The white very ugly thing completely misses you.
The ogre mage hits you but does no damage.
Your plate armour of the Poles prevents you from hitting the white very ugly thing.
The white very ugly thing is almost dead.
The white very ugly thing bites you!!
* * * LOW HITPOINT WARNING * * *
The white very ugly thing freezes you!!!
You die...

.......'........# #..
.......#........# ##'
.......#........# #.
.......#........# #.
.......#........# ##
.......#........#######
.......#........'....#.
###+####........#....#.
+ #@uO.......#....#.
#pp###p.......#...(#.
#.p'........#####'(
#.D###......#......
#Cu## #......#...... #s
#......#####'. ..
###......#....#. #.
#........#....#. #
#######..#....#.


You could see a white very ugly thing, an ogre mage and an ironbrand convoker.

Vanquished Creatures
  Mara (Swamp:3)
  Arachne (Spider:4)
  Rupert (D:15)
  Asterion (Vaults:1)
  Roxanne (Swamp:3)
  The ghost of Iwannabefree the Fencer, an adept DsCK of Xom (Spider:2)
  A frost giant (D:9)
  An emperor scorpion (Spider:4)
  Aizul (Vaults:1)
  A deep elf sorcerer (Vaults:2)
  4 ghost moths (Spider:3)
  2 vault wardens (Vaults:1)
  2 ironheart preservers
  An entropy weaver (Spider:4)
  2 stone giants (Vaults:2)
  A deep elf demonologist (Vaults:2)
  2 deep elf annihilators
  3 spark wasps
  A deep elf death mage (Vaults:1)
  A fire dragon (Vaults:1)
  Erolcha (D:12)
  4 yaktaur captains (Vaults:1)
  5 ice dragons
  9 hydras
  A ghost crab (Swamp:3)
  Erica (D:10)
  4 centaur warriors
  A catoblepas (D:15)
  A death knight (Vaults:1)
  23 two-headed ogres
  5 ogre magi
  5 alligators
  2 orc high priests (Orc:2)
  4 death yaks
  Sonja (D:12)
  2 deep elf knights (Vaults:1)
  2 spriggans (Swamp:3)
  A shadow wraith (Vaults:1)
  5 skeletal warriors (D:15)
  2 spriggan druids
  3 unseen horrors
  2 shambling mangroves
  6 swamp dragons
  4 wizards
  A wolf spider zombie (D:14)
  A necromancer (D:14)
  24 orb spiders
  35 wolf spiders
  An orc sorcerer (D:15)
  A manticore (Lair:6)
  14 ugly things
  4 cyclopes
  5 moths of wrath
  5 elephants
  A black mamba (Lair:4)
  An ice statue (D:9)
  2 centaur zombies (D:15)
  A naga mage (D:15)
  5 vault sentinels
  5 spiny frogs
  2 gargoyles
  2 torpor snails
  A rime drake (Lair:5)
  4 komodo dragons
  4 freezing wraiths (Swamp:4)
  A kobold demonologist (D:11)
  17 yaktaurs (Vaults:1)
  18 demonic crawlers
  A tengu conjurer (D:15)
  35 jumping spiders
  5 trolls
  15 hornets
  2 meliai (Spider:2)
  A tengu simulacrum (Vaults:2)
  14 slime creatures
  22 blink frogs
  7 tyrant leeches
  4 hippogriffs
  3 bog bodies
  4 shadows
  53 redbacks
  27 tarantellas
  2 wyverns
  22 yaks
  Sigmund (D:6)
  A golden eye (shapeshifter) (Vaults:1)
  5 basilisks
  17 vampire mosquitoes
  2 swamp worm simulacra (Swamp:4)
  2 wargs (Vaults:1)
  11 insubstantial wisps
  14 swamp worms
  5 water moccasins
  3 acid dragons
  Duvessa (D:5)
  12 hydra simulacra (Swamp:4)
  20 ice beasts
  4 porcupines
  A hornet zombie (D:15)
  13 orc warriors
  7 swamp drakes
  A phantom (D:7)
  3 sky beasts
  31 ogres
  3 boggarts (Vaults:1)
  5 necrophages (D:7)
  10 crocodiles
  10 centaurs
  15 big kobolds
  Blork the orc (D:6)
  A big kobold (shapeshifter) (D:13)
  19 bullfrogs
  A gnoll sergeant (D:3)
  Dowan (D:5)
  A wyvern zombie (D:15)
  An elf simulacrum (Vaults:1)
  A scorpion (D:7)
  A wyvern skeleton (D:6)
  10 wights
  15 killer bees
  An orc simulacrum (Vaults:1)
  5 electric eels (D:9)
  A howler monkey (D:6)
  8 crimson imps
  3 bullfrog zombies
  A quasit (D:10)
  3 jellies
  2 hounds
  6 orc priests
  7 orc wizards
  3 bullfrog skeletons
  2 centaur skeletons
  An iguana (D:12)
  Ijyb (D:5)
  4 hell rats
  8 worker ants
  A hound zombie (D:6)
  A hound skeleton (D:3)
  Robin (D:3)
  A howler monkey zombie (D:7)
  3 worker ant zombies
  8 adders
  25 gnolls
  A howler monkey skeleton (D:6)
  4 shadow imps
  4 white imps (D:8)
  6 swamp drake simulacra (Swamp:4)
  3 adder skeletons
  7 worms
  2 dart slugs
  7 leopard geckos
  21 orcs
  8 giant cockroaches
  2 gnoll zombies (D:2)
  23 goblins
  14 hobgoblins
  24 kobolds
  3 quokkas
  A ball python (D:2)
  8 bats
  3 frilled lizards (D:3)
  2 leopard gecko skeletons
  A quokka zombie (D:5)
  7 rats
  A bush (D:7)
  2 fungi
  3 plants
997 creatures vanquished.

Vanquished Creatures (collateral kills)
  An ice dragon (Vaults:1)
  A vault guard (D:14)
  The ghost of Leszczynek the Grappler, a novice TrSk of the Shining One (D:10)
  3 catoblepae (Lair:6)
  4 two-headed ogres
  An alligator (Swamp:3)
  An ogre mage (Vaults:1)
  8 death yaks (Lair:6)
  A centaur warrior (D:13)
  An orc high priest (Orc:2)
  A shadow wraith (Vaults:1)
  A deep elf archer (Vaults:1)
  3 orc knights
  An orb spider (shapeshifter) (D:15)
  An orb spider (Spider:2)
  A wolf spider (Spider:2)
  A deep elf mage (D:15)
  2 ugly things
  2 manticores
  3 elephants (Lair:4)
  A vault sentinel (Vaults:1)
  2 black mambas (Lair:6)
  8 spiny frogs
  A gargoyle (D:15)
  A yaktaur (Vaults:1)
  A rime drake (Lair:4)
  A komodo dragon (Lair:6)
  3 trolls
  2 tyrant leeches (Swamp:3)
  12 blink frogs
  5 slime creatures
  2 hippogriffs
  4 redbacks (Spider:2)
  19 yaks
  A warg (Orc:2)
  A vampire mosquito (Swamp:3)
  An insubstantial wisp (Swamp:4)
  3 swamp worms
  3 water moccasins
  A porcupine (Lair:2)
  A black bear (Lair:4)
  An ice beast (D:9)
  9 orc warriors (Orc:2)
  4 centaurs
  7 ogres
  6 crocodiles
  A big kobold (D:11)
  2 bullfrogs
  3 wights
  2 electric eels (D:9)
  A howler monkey (D:13)
  2 crimson imps
  4 hell rats
  An orc (D:11)
  A fungus (Orc:2)
  2 plants
157 creatures vanquished.

Vanquished Creatures (others)
  A ghost moth (Spider:2)
  3 orc knights
  A hydra (Swamp:4)
  3 orc sorcerers
  An ugly thing (Vaults:1)
  15 orc warriors
  A meliai (Spider:3)
  A jumping spider (Spider:2)
  15 orc wizards
  13 orc priests
  A shadow imp (D:9)
  17 orcs
  4 fungi
  6 plants
82 creatures vanquished.

Grand Total: 1236 creatures vanquished

Notes
Turn   | Place    | Note
-------+----------+-------------------------------------------
     0 | D:1      | Gorice the Hill Orc Gladiator began the quest for the Orb.
     0 | D:1      | Reached XP level 1. HP: 18/18 MP: 1/1
   338 | D:1      | Reached XP level 2. HP: 22/25 MP: 2/2
   503 | D:1      | Reached skill level 5 in Axes
   839 | D:2      | Reached XP level 3. HP: 16/30 MP: 3/3
   940 | D:2      | Found a white marble altar of Elyvilon.
   943 | D:2      | Reached skill level 6 in Axes
  1028 | D:2      | Reached XP level 4. HP: 19/37 MP: 4/4
  1216 | D:2      | HP: 7/37 [gnoll/club (6)]
  1223 | D:1      | HP: 6/37 [gnoll/club (2)]
  1515 | D:1      | Reached skill level 7 in Axes
  1823 | D:2      | Reached XP level 5. HP: 28/42 MP: 5/5
  1944 | D:2      | Found a basalt altar of Yredelemnul.
  2120 | D:3      | Noticed Robin
  2128 | D:3      | Killed Robin
  2226 | D:3      | Reached skill level 16 in Axes
  2226 | D:3      | Reached XP level 6. HP: 50/50 MP: 6/6
  2466 | D:3      | HP: 9/50 [gnoll/halberd (10)]
  2761 | D:3      | Reached skill level 1 in Armour
  3092 | D:4      | Became a worshipper of Beogh the Brigand
  3183 | D:4      | Reached skill level 3 in Fighting
  3287 | D:3      | Reached XP level 7. HP: 57/57 MP: 7/7
  3675 | D:4      | Reached skill level 2 in Armour
  3814 | D:5      | Entered Level 5 of the Dungeon
  3814 | D:5      | Noticed Ijyb
  3821 | D:5      | Killed Ijyb
  3822 | D:5      | Noticed Duvessa
  3822 | D:5      | Noticed Dowan
  3836 | D:5      | Killed Duvessa
  3836 | D:5      | Reached skill level 4 in Fighting
  3847 | D:5      | Killed Dowan
  3961 | D:5      | Found Visah's Gadget Emporium.
  3976 | D:5      | Reached skill level 3 in Armour
  4148 | D:5      | Found Dasirhod's Book Shop.
  4159 | D:5      | Reached XP level 8. HP: 66/67 MP: 8/8
  4230 | D:5      | Found Usas's Book Shop.
  4273 | D:5      | Found Ymoetyv's Assorted Antiques.
  4577 | D:5      | Bought a runed war axe for 149 gold pieces
  4589 | D:6      | Found a shadowy altar of Dithmenos.
  4612 | D:6      | Noticed Sigmund
  4612 | D:6      | Noticed Blork the orc
  4631 | D:6      | Killed Sigmund
  4631 | D:6      | Reached skill level 5 in Fighting
  4631 | D:6      | Reached skill level 4 in Armour
  4639 | D:6      | HP: 20/68 [Blork the orc/enchanted glaive (14)]
  4640 | D:6      | Killed Blork the orc
  4926 | D:6      | Reached * piety under Beogh
  5036 | D:6      | Found a shadowy altar of Dithmenos.
  5142 | D:6      | Reached skill level 6 in Fighting
  5326 | D:6      | Reached XP level 9. HP: 75/75 MP: 9/9
  5333 | D:6      | Reached skill level 5 in Armour
  5370 | D:6      | Found a staircase to the Ecumenical Temple.
  5381 | Temple   | Entered the Ecumenical Temple
  5785 | D:7      | Found a shattered altar of Ashenzari.
  5847 | D:7      | Found a blossoming altar of Fedhas.
  5878 | D:7      | Reached ** piety under Beogh
  6174 | D:7      | Found an iron altar of Okawaru.
  6442 | D:7      | Reached skill level 6 in Armour
  6558 | D:8      | Found a staircase to the Lair.
  6558 | D:8      | Noticed an elephant
  6576 | D:7      | Killed an elephant
  6576 | D:7      | Reached skill level 7 in Armour
  6576 | D:7      | Reached XP level 10. HP: 40/84 MP: 10/10
  7133 | D:8      | Found Kaixann's Armour Shoppe.
  7197 | D:8      | Reached skill level 17 in Axes
  7564 | D:8      | Reached *** piety under Beogh
  7663 | D:8      | Found a snail-covered altar of Cheibriados.
  7692 | D:8      | Reached skill level 8 in Armour
  7921 | D:8      | Identified a scroll of acquirement
  7964 | Lair:1   | Entered Level 1 of the Lair of Beasts
  7964 | Lair:1   | Noticed a five-headed hydra
  7977 | Lair:1   | HP: 29/126 [five-headed hydra (11)]
  7979 | Lair:1   | Killed a five-headed hydra
  8403 | Lair:1   | Got an ichor-stained plate armour
  8414 | Lair:1   | Identified the cursed +1 plate armour of the Poles {MR+++ Str-5} (You found it on level 1 of the Lair of Beasts)
  8491 | Lair:1   | Noticed a spiny frog
  8495 | Lair:1   | Noticed a five-headed hydra
  9150 | D:9      | Upgraded the game from 0.22-a0-109-gbeb7240 to 0.22-a0-110-g5b255cf
  9179 | D:9      | Reached skill level 9 in Armour
  9202 | D:9      | Reached XP level 11. HP: 69/91 MP: 8/11
 10077 | D:10     | Entered Level 10 of the Dungeon
 10105 | D:10     | Noticed Erica
 10119 | D:10     | Killed Erica
 10119 | D:10     | Reached skill level 18 in Axes
 10220 | D:10     | Got an ancient hand axe
 10221 | D:10     | Identified the +5 hand axe of the Visionary {protect, +Fly rPois Str+4 Int-3} (You found it on level 10 of the Dungeon)
 10231 | D:10     | Found a staircase to the Orcish Mines.
 10255 | D:10     | Found Piasir's Antique Weapon Shoppe.
 10295 | D:10     | Got a bound gossamer ring
 10299 | D:10     | Identified the ring "Xaitz" {+Inv rPois Str+4 Int+3} (You found it on level 10 of the Dungeon)
 10315 | D:10     | Noticed a two-headed ogre
 10321 | D:10     | Killed a two-headed ogre
 10321 | D:10     | Reached skill level 10 in Armour
 10363 | D:10     | Found a shadowy altar of Dithmenos.
 10364 | D:10     | Noticed Leszczynek's ghost (novice TrSk)
 10376 | D:10     | Killed Leszczynek's ghost
 10664 | Orc:1    | Entered Level 1 of the Orcish Mines
 10851 | Orc:2    | Entered Level 2 of the Orcish Mines
 10851 | Orc:2    | Noticed an orc high priest
 10861 | Orc:2    | HP: 25/91 [ynoxinul[an orc high priest] (7)]
 10863 | Orc:2    | Reached **** piety under Beogh
 10865 | Orc:2    | HP: 7/91 [orc warrior/trident[an orc high priest] (14)]
 11179 | Orc:1    | Found Nanoh's Distillery.
 11187 | Orc:1    | Bought a potion of heal wounds for 60 gold pieces
 11187 | Orc:1    | Bought a potion of heal wounds for 60 gold pieces
 11257 | Orc:1    | Found a flagged portal.
 11293 | Bailey   | Entered a bailey
 11582 | Bailey   | Gained Ortolf as an ally
 11705 | Orc:1    | Reached skill level 7 in Invocations
 11705 | Orc:1    | Reached skill level 5 in Evocations
 11705 | Orc:1    | Reached XP level 12. HP: 97/97 MP: 11/17
 12178 | D:8      | Bought the +3 cloak of Trial and Error {rElec Int+4} for 460 gold pieces
 12178 | D:8      | Bought a +2 pair of boots of flying for 236 gold pieces
 12456 | D:9      | Noticed a frost giant
 12457 | D:9      | HP: 7/97 [frost giant/bolt of cold (23)]
 12906 | Orc:2    | Your ally Ortolf died
 12909 | Orc:2    | Reached ***** piety under Beogh
 12909 | Orc:2    | Reached skill level 11 in Armour
 12914 | Orc:2    | Noticed an orc warlord
 13168 | Orc:2    | Noticed an orc high priest
 13179 | Orc:2    | Killed an orc high priest
 13185 | Orc:2    | Killed an orc high priest
 13185 | Orc:2    | Reached skill level 19 in Axes
 13185 | Orc:2    | Gained Wargath as an ally
 13185 | Orc:2    | HP: 24/97 [orc warrior/hand axe[an orc high priest] (7)]
 13193 | Orc:2    | HP: 17/97 [orc warrior/hand axe[an orc high priest] (3)]
 13340 | Orc:2    | Found a staircase to the Elven Halls.
 13511 | Orc:2    | Found Vakuymn's Book Boutique.
 13557 | Orc:2    | Found an iron altar of Okawaru.
 13564 | Orc:2    | Noticed an orc high priest
 13565 | Orc:2    | Found Odycw's Antique Weapon Boutique.
 13569 | Orc:2    | Killed an orc high priest
 13853 | Orc:2    | Reached XP level 13. HP: 104/104 MP: 18/18
 13855 | Orc:2    | Gained Bogmar as an ally
 13874 | Orc:2    | Found Rihad's Antique Armour Shoppe.
 13946 | Orc:2    | Found Xokimn's General Store.
 13949 | Orc:2    | Found Tekit's General Store.
 13964 | Orc:2    | Bought a scroll of identify for 28 gold pieces
 14158 | D:5      | Bought a faintly glowing helmet for 218 gold pieces
 14158 | D:5      | Bought a notched wooden ring for 115 gold pieces
 14169 | D:5      | Identified the cursed +0 helmet of Duty {*Contam rF+ Dex+5} (You bought it in a shop on level 5 of the Dungeon)
 14740 | Lair:2   | Reached skill level 12 in Armour
 15040 | Lair:2   | Found a hole to the Spider Nest.
 15647 | Lair:3   | Found a staircase to the Swamp.
 15935 | Lair:3   | Reached skill level 20 in Axes
 16382 | Lair:4   | Reached skill level 7 in Fighting
 16410 | Lair:4   | Found the +3 robe of Folly {Archmagi, MR-- Int+5}
 16416 | Lair:4   | Reached skill level 13 in Armour
 16663 | Lair:4   | Reached skill level 8 in Fighting
 17825 | Lair:5   | Reached skill level 9 in Fighting
 18244 | Lair:6   | Entered Level 6 of the Lair of Beasts
 18286 | Lair:6   | Found a viscous altar of Jiyva.
 18287 | Lair:6   | Found a staircase to the Slime Pits.
 18307 | Lair:6   | Reached XP level 14. HP: 100/118 MP: 19/19
 18344 | Lair:6   | Got a spiked helmet
 18383 | Lair:6   | Reached skill level 14 in Armour
 18387 | Lair:6   | Reached skill level 10 in Fighting
 18804 | Lair:6   | Reached skill level 11 in Fighting
 19181 | Lair:6   | Reached ****** piety under Beogh
 19760 | Lair:6   | Reached skill level 15 in Armour
 20083 | D:5      | Bought a scroll of identify for 46 gold pieces
 20083 | D:5      | Bought a scroll of identify for 46 gold pieces
 20205 | Orc:2    | Bought a scroll of identify for 26 gold pieces
 20205 | Orc:2    | Bought a scroll of identify for 26 gold pieces
 20608 | D:11     | Gained Bogbarth as an ally
 20630 | D:11     | Reached skill level 12 in Fighting
 21145 | D:12     | Noticed Sonja
 21151 | D:12     | Killed Sonja
 21450 | D:12     | Noticed Erolcha
 21498 | D:12     | Killed Erolcha
 21498 | D:12     | Reached XP level 15. HP: 60/134 MP: 13/20
 21515 | D:12     | Reached skill level 13 in Fighting
 22333 | D:13     | Found a portal to a secret trove of treasure.
 22366 | D:13     | Reached skill level 16 in Armour
 22413 | D:13     | Reached skill level 2 in Throwing
 22515 | D:13     | Found Muosk's Book Shop.
 22553 | D:13     | Reached skill level 3 in Throwing
 22554 | D:13     | Gained Borgoth as an ally
 22565 | D:13     | HP: 40/137 [centaur warrior (7)]
 22617 | D:13     | HP: 41/137 [centaur/arrow[a centaur warrior] (2)]
 22620 | D:13     | Reached skill level 14 in Fighting
 23144 | D:13     | Reached skill level 4 in Throwing
 23386 | D:14     | HP: 38/138 [very large slime creature (33)]
 23927 | D:14     | Reached skill level 5 in Throwing
 24164 | D:14     | Found a gate to the Vaults.
 24431 | D:15     | Entered Level 15 of the Dungeon
 24596 | D:15     | Your ally Borgoth died
 24614 | D:15     | Reached skill level 6 in Throwing
 24940 | D:15     | Reached skill level 15 in Fighting
 25234 | D:15     | Gained Marbork as an ally
 25240 | D:15     | Reached XP level 16. HP: 139/149 MP: 19/21
 25252 | D:15     | Reached skill level 7 in Throwing
 25343 | D:15     | Your ally Marbork died
 25349 | D:15     | Noticed Rupert
 25382 | D:15     | Killed Rupert
 25814 | D:15     | Found a staircase to the Depths.
 26911 | Swamp:1  | Entered Level 1 of the Swamp
 26946 | Lair:3   | Reached skill level 16 in Fighting
 26946 | Lair:3   | Reached skill level 8 in Throwing
 27279 | Swamp:1  | Gained Bogrim as an ally
 27279 | Swamp:1  | Reached skill level 8 in Invocations
 27279 | Swamp:1  | Your ally Bogrim died
 28434 | Swamp:2  | Identified Luthruqaa's Guide on Creative Flight
 28619 | Swamp:3  | Reached skill level 9 in Invocations
 28860 | Swamp:3  | Noticed Mara
 28873 | Swamp:3  | Killed Mara
 28873 | Swamp:3  | Reached skill level 9 in Throwing
 28873 | Swamp:3  | Gained Koronagh as an ally
 28876 | Swamp:3  | Reached skill level 10 in Invocations
 29271 | Swamp:3  | Noticed Roxanne
 29345 | Swamp:3  | Killed Roxanne
 29935 | Lair:1   | Identified the +0 helmet of the Volcano {MR+ Int+7 Dex-3} (You found it on level 6 of the Lair of Beasts)
 30100 | Swamp:4  | Entered Level 4 of the Swamp
 30219 | Swamp:4  | Reached skill level 11 in Invocations
 30285 | Swamp:4  | Reached skill level 10 in Throwing
 30655 | Swamp:4  | Reached skill level 3 in Dodging
 30671 | Swamp:4  | Reached XP level 17. HP: 151/158 MP: 25/25
 31100 | Spider:1 | Entered Level 1 of the Spider Nest
 31291 | Spider:1 | Reached skill level 12 in Invocations
 31489 | Spider:1 | Reached skill level 4 in Dodging
 31897 | Spider:1 | Reached skill level 6 in Evocations
 32409 | Spider:1 | Reached skill level 5 in Dodging
 33039 | Spider:2 | Gained Boldo as an ally
 33174 | Spider:2 | Noticed Iwannabefree's ghost (adept DsCK)
 33183 | Spider:2 | Your ally Boldo died
 33250 | Spider:2 | Killed Iwannabefree's ghost
 33250 | Spider:2 | Reached skill level 6 in Dodging
 33463 | Spider:2 | Reached skill level 7 in Evocations
 34182 | Spider:3 | Reached skill level 7 in Dodging
 34249 | Spider:3 | HP: 46/158 [meliai/divine providence (9)]
 34249 | Spider:3 | HP: 22/158 [jumping spider (1)]
 35064 | Spider:3 | HP: 46/158 [wolf spider (3)]
 35071 | Spider:2 | HP: 36/158 [wolf spider (10)]
 35076 | Spider:2 | HP: 26/158 [poisoned by a wolf spider]
 35081 | Spider:2 | HP: 21/158 [poisoned by a wolf spider]
 35086 | Spider:2 | HP: 19/158 [poisoned by a wolf spider]
 35091 | Spider:2 | HP: 18/158 [poisoned by a wolf spider]
 35097 | Spider:2 | HP: 17/158 [poisoned by a wolf spider]
 35105 | Spider:2 | HP: 18/158 [poisoned by a wolf spider]
 35113 | Spider:2 | HP: 19/158 [poisoned by a wolf spider]
 35776 | Spider:3 | Reached skill level 8 in Evocations
 36585 | Spider:4 | Entered Level 4 of the Spider Nest
 36625 | Spider:4 | Reached skill level 8 in Dodging
 36647 | Spider:4 | HP: 44/158 [tarantella (7)]
 36651 | Spider:3 | HP: 21/158 [redback (4)]
 37585 | Spider:4 | Reached XP level 18. HP: 143/166 MP: 23/27
 38177 | Spider:4 | Reached skill level 9 in Dodging
 38432 | Spider:3 | Reached skill level 9 in Evocations
 39262 | Spider:4 | Noticed Arachne
 39302 | Spider:4 | Killed Arachne
 39307 | Spider:4 | HP: 49/166 [poisoned by Arachne (poison arrow)]
 39321 | Spider:4 | HP: 47/166 [wolf spider (10)]
 39722 | Spider:4 | HP: 48/166 [poisoned by a wolf spider]
 39727 | Spider:4 | HP: 45/166 [poisoned by a wolf spider]
 39732 | Spider:4 | HP: 44/166 [poisoned by a wolf spider]
 39738 | Spider:4 | HP: 43/166 [poisoned by a wolf spider]
 39743 | Spider:4 | HP: 43/166 [poisoned by a wolf spider]
 39751 | Spider:4 | HP: 44/166 [poisoned by a wolf spider]
 40050 | Spider:4 | Reached skill level 10 in Dodging
 40533 | Spider:4 | Got a gossamer rune of Zot
 40898 | Vaults:1 | Entered Level 1 of the Vaults
 41169 | Vaults:1 | Noticed Aizul
 41197 | Vaults:1 | HP: 44/166 [Aizul (10)]
 41202 | Vaults:1 | HP: 30/166 [poisoned by Aizul (poison arrow)]
 41207 | Vaults:1 | HP: 25/166 [poisoned by Aizul (poison arrow)]
 41213 | Vaults:1 | HP: 24/166 [poisoned by Aizul (poison arrow)]
 41219 | Vaults:1 | HP: 23/166 [poisoned by Aizul (poison arrow)]
 41224 | Vaults:1 | HP: 23/166 [poisoned by Aizul (poison arrow)]
 41232 | Vaults:1 | HP: 24/166 [poisoned by Aizul (poison arrow)]
 41671 | Vaults:1 | Reached skill level 10 in Evocations
 41767 | Vaults:1 | Noticed Asterion
 41985 | Vaults:1 | Killed Asterion
 41985 | Vaults:1 | Gained Wargrak as an ally
 42568 | Vaults:1 | Killed Aizul
 42912 | Vaults:1 | Reached skill level 17 in Armour
 43492 | Vaults:1 | HP: 30/166 [very large slime creature (28)]
 44724 | Swamp:4  | Reached XP level 19. HP: 147/172 MP: 26/28
 44976 | Swamp:4  | Got a decaying rune of Zot
 45429 | Vaults:2 | Noticed an Ice Fiend
 45438 | Vaults:2 | Reached skill level 11 in Evocations
 45873 | Vaults:2 | Reached skill level 18 in Armour
 46105 | Vaults:2 | HP: 40/172 [white very ugly thing (34)]
 46107 | Vaults:2 | Annihilated by a white very ugly thing

Vault maps used:
D:1:      mrwooster_arrival_statue
D:2:      lemuel_crystal_altar, lemuel_zombie_altar_yredelemnul,
          minmay_split_cup_small
D:3:      uniq_robin
D:4:      lightli_minifort
D:5:      cheibrodos_helix_gallery, first_ration, serial_shops,
          nicolae_shop_trees, shop, kennysheep_mini_moat,
          nicolae_shop_behind_doors, uniq_ijyb, uniq_duvessa
D:6:      kennysheep_little_box, minmay_temple_entry_hall, basic_altar,
          uniq_sigmund, uniq_blork_the_orc
D:7:      lemuel_doored_altar, fedhas_altar_decomposition,
          nicolae_ashenzari_panopticon
D:8:      kennysheep_mini, david_lair_generic, serial_shops, shop,
          grunt_pizzeria, hangedman_decor_diamond_cutter, minmay_nine_imps
D:9:      minmay_twisted_water
D:10:     orc_0_dummy, serial_shops, shop, basic_altar, uniq_erica
D:11:     special_room
D:12:     lemuel_ogre_cave, uniq_sonja, uniq_erolcha
D:13:     serial_shops, nicolae_shop_window_shopping,
          nicolae_trove_entry_crossroad, lightli_corner_chamber
D:14:     david_vaults_5, minmay_holes
D:15:     grunt_enter_depths_magical_seal, hangedman_glass_teeth,
          minmay_variable_closet, uniq_rupert
Temple:   bh_familiar_temple
Lair:2:   nicolae_spider_entry_orb_guardian, grunt_megastairs_2
Lair:3:   swamp_mist, grunt_megastairs_1
Lair:6:   evilmike_catoblepas_cave, slime_altar_1, serial_bayou_shore_b,
          infiniplex_staircase_pool_2
Swamp:1:  evilmike_swamp_ruin_rubble_2
Swamp:2:  nicolae_swamp_feature_on_the_river_bank, infiniplex_staircase_pool
Swamp:3:  serial_swamp_ruin, evilmike_swamp_ruin_house_2,
          evilmike_swamp_ruin_house_1, swamp_pool3, uniq_mara, uniq_roxanne
Swamp:4:  swamp_icy
Spider:2: mumra_spider_spiderweb
Spider:4: grunt_spider_rune_island, uniq_arachne
Orc:1:    serial_shops, nicolae_shop_stone, enter_bailey_3
Orc:2:    grunt_orc_gardens, grunt_orc_garden, grunt_orc_garden,
          grunt_orc_garden, grunt_orc_garden, serial_shops,
          nicolae_shop_temple_entry_statues_fountains, okawaru_metal_pillars_1_2
Vaults:1: v_misc_11, nicolae_vaults_big_ls, vaults_standard_mumra_x,
          grunt_vaults_twisty, vaults_room_door_ring, uniq_asterion, uniq_aizul
Vaults:2: vaults_mumra_minichess_inversion, vaults_room_pool, v_misc_18,
          st_star, v_rooms_4, v_misc_1, hangedman_vaults_capsules, v_misc_28,
          nicolae_vaults_little_squares_4, nicolae_vaults_big_angled_halls,
          serial_shops, nicolae_shop_overgrown_old_shop
Bailey:   bailey_axe_2, bailey

Skill      XL: |  1  2  3  4  5  6  7  8  9 10 11 12 13 14 15 16 17 18 19 |
---------------+----------------------------------------------------------+-----
Axes           | 5 6 7 16 17 18 19 20 | 20.0
Armour         | 1 3 4 7 9 10 11 13 15 16 17 18 | 18.1
Fighting       | 3 4 6 9 12 15 16 | 16.0
Invocations    | 7 11 12 | 12.0
Evocations     | 5 8 10 11 | 11.4
Throwing       | 6 10 | 10.0
Dodging        | 3 8 10 | 10.0

Action                   |  1- 3 |  4- 6 |  7- 9 | 10-12 | 13-15 | 16-18 | 19-21 || total
-------------------------+-------+-------+-------+-------+-------+-------+-------++-------
Melee: War axe           |    87 |   156 |   177 |       |       |       |       ||   420
       Whip              |       |    15 |       |     7 |       |       |       ||    22
       Battleaxe         |       |       |    87 |   462 |   849 |  1614 |   153 ||  3165
 Fire: Hunting sling     |       |     1 |       |       |       |       |       ||     1
Throw: Throwing net      |     2 |     1 |       |     1 |       |       |       ||     4
       Stone             |       |       |     1 |       |       |       |       ||     1
       Tomahawk          |       |       |     2 |     5 |     9 |   108 |     5 ||   129
Invok: Convert to Beogh  |       |     1 |       |       |       |       |       ||     1
       Smiting           |       |       |       |     2 |     9 |    16 |       ||    27
       Recall Orcish Fol |       |       |       |       |     4 |     3 |       ||     7
 Abil: Evoke Berserk Rag |       |       |       |     1 |       |       |       ||     1
       Evoke Invisibilit |       |       |       |     1 |       |       |       ||     1
Evoke: Wand              |       |       |       |    12 |     2 |     1 |       ||    15
  Use: Scroll            |     5 |     7 |     5 |    11 |     8 |     7 |       ||    43
       Potion            |       |     1 |     1 |     4 |       |     7 |       ||    13
 Stab: Held in net/web   |       |     1 |       |       |       |     1 |       ||     2
       Distracted        |       |       |       |     2 |    10 |     7 |       ||    19
       Invisible         |       |       |       |    11 |       |       |       ||    11
       Paralysed         |       |       |       |       |     2 |       |       ||     2
       Petrified         |       |       |       |       |       |    10 |       ||    10
  Eat: Chunk             |       |     6 |    11 |     9 |    25 |    41 |     5 ||    97
       Ration            |       |       |       |     5 |     3 |     6 |       ||    14
Armor: Leather armour    |    11 |       |       |       |       |       |       ||    11
       Ring mail         |     4 |       |       |       |       |       |       ||     4
       Scale mail        |    22 |    39 |       |       |       |       |       ||    61
       Chain mail        |       |    29 |    98 |    53 |       |    19 |    28 ||   227
       Plate armour      |       |       |       |   274 |   571 |  1499 |    79 ||  2423
Dodge: Dodged            |    77 |    89 |    86 |   200 |   266 |   846 |    71 ||  1635

Table legend:
 A = Spawn XP
 B = Non-spawn XP
 C = Spawn XP percentage of total XP
 D = Spawn monster count
 E = Non-spawn monster count
 F = Spawn count percentage of total count
 G = Total turns spent on level
                    A         B        C        D         E        F      G
               +---------+---------+-------+---------+---------+-------+---------
         Total |       0 |  327489 |   0.0 |       0 |    1148 |   0.0 | 46107
               +---------+---------+-------+---------+---------+-------+---------
           D:1 |       0 |      82 |   0.0 |       0 |      19 |   0.0 |  1089
           D:2 |       0 |      93 |   0.0 |       0 |      24 |   0.0 |   899
           D:3 |       0 |     298 |   0.0 |       0 |      46 |   0.0 |  1323
           D:4 |       0 |      98 |   0.0 |       0 |       6 |   0.0 |   503
           D:5 |       0 |     546 |   0.0 |       0 |      16 |   0.0 |   840
           D:6 |       0 |    1160 |   0.0 |       0 |      32 |   0.0 |  1017
           D:7 |       0 |    2268 |   0.0 |       0 |      34 |   0.0 |  1107
           D:8 |       0 |    1697 |   0.0 |       0 |      25 |   0.0 |  1967
           D:9 |       0 |    7328 |   0.0 |       0 |      42 |   0.0 |  2651
          D:10 |       0 |    3156 |   0.0 |       0 |      12 |   0.0 |   749
          D:11 |       0 |    2729 |   0.0 |       0 |      30 |   0.0 |   635
          D:12 |       0 |   14566 |   0.0 |       0 |      51 |   0.0 |  1288
          D:13 |       0 |   13302 |   0.0 |       0 |      37 |   0.0 |  1160
          D:14 |       0 |   10121 |   0.0 |       0 |      33 |   0.0 |  1412
          D:15 |       0 |   22233 |   0.0 |       0 |      42 |   0.0 |  1348
        Lair:1 |       0 |    2819 |   0.0 |       0 |       8 |   0.0 |  1586
        Lair:2 |       0 |    3861 |   0.0 |       0 |      21 |   0.0 |   997
        Lair:3 |       0 |    6252 |   0.0 |       0 |      20 |   0.0 |  1125
        Lair:4 |       0 |    5880 |   0.0 |       0 |      25 |   0.0 |  1053
        Lair:5 |       0 |    5953 |   0.0 |       0 |      25 |   0.0 |  1167
        Lair:6 |       0 |   19691 |   0.0 |       0 |      69 |   0.0 |  1367
       Swamp:1 |       0 |    8012 |   0.0 |       0 |      23 |   0.0 |   961
       Swamp:2 |       0 |    2505 |   0.0 |       0 |      12 |   0.0 |  1027
       Swamp:3 |       0 |   21777 |   0.0 |       0 |      44 |   0.0 |  1111
       Swamp:4 |       0 |   12899 |   0.0 |       0 |      53 |   0.0 |  1182
      Spider:1 |       0 |   12939 |   0.0 |       0 |      38 |   0.0 |  2148
      Spider:2 |       0 |   24836 |   0.0 |       0 |      71 |   0.0 |  2428
      Spider:3 |       0 |   28569 |   0.0 |       0 |      62 |   0.0 |  3198
      Spider:4 |       0 |   26232 |   0.0 |       0 |      53 |   0.0 |  1694
         Orc:1 |       0 |    1198 |   0.0 |       0 |      19 |   0.0 |  1333
         Orc:2 |       0 |    4630 |   0.0 |       0 |      25 |   0.0 |   993
      Vaults:1 |       0 |   46988 |   0.0 |       0 |      82 |   0.0 |  3885
      Vaults:2 |       0 |   12437 |   0.0 |       0 |      15 |   0.0 |   282
        Bailey |       0 |     334 |   0.0 |       0 |      34 |   0.0 |   406
               +---------+---------+-------+---------+---------+-------+---------

Table legend:
 A = Turns spent in this place as a percentage of turns spent in the entire game.
 B = Non-inter-level travel turns spent in this place as a percentage of non-inter-level travel turns spent in the entire game.
 C = Inter-level travel turns spent in this place as a percentage of turns spent in this place.
 D = Turns resting spent in this place as a percentage of non-inter-level travel turns spent in this place.
 E = Turns spent auto-exploring this place as a percentage of non-inter-level travel turns spent in this place.
 F = Non-inter-level travel turns spent in this place divided by the number of levels of this place that you've seen.
                   A       B       C       D       E      F
               +-------+-------+-------+-------+-------+----------------------
         Total | 100.0 | 100.0 |   9.1 |  34.6 |  34.5 | 1198.1
       Dungeon |  39.0 |  38.4 |  10.6 |  28.7 |  38.1 | 1072.4
        Temple |   0.4 |   0.4 |   7.4 |   0.0 |  98.2 | 163.0
          Lair |  15.8 |  15.1 |  13.3 |  16.3 |  57.9 | 1054.3
         Swamp |   9.3 |   9.0 |  12.2 |  18.4 |  48.3 | 939.8
   Spider Nest |  20.5 |  21.8 |   3.4 |  57.7 |  14.4 | 2287.5
  Orcish Mines |   5.0 |   4.8 |  14.1 |  31.8 |  30.5 | 999.5
        Vaults |   9.0 |   9.6 |   3.0 |  54.0 |  19.3 | 2021.5
        Bailey |   0.9 |   1.0 |   0.0 |  13.3 |   0.0 | 406.0
               +-------+-------+-------+-------+-------+----------------------

Vault maps used:
D:1:      mrwooster_arrival_statue
D:2:      lemuel_crystal_altar, lemuel_zombie_altar_yredelemnul,
          minmay_split_cup_small
D:3:      uniq_robin
D:4:      lightli_minifort
D:5:      cheibrodos_helix_gallery, first_ration, serial_shops,
          nicolae_shop_trees, shop, kennysheep_mini_moat,
          nicolae_shop_behind_doors, uniq_ijyb, uniq_duvessa
D:6:      kennysheep_little_box, minmay_temple_entry_hall, basic_altar,
          uniq_sigmund, uniq_blork_the_orc
D:7:      lemuel_doored_altar, fedhas_altar_decomposition,
          nicolae_ashenzari_panopticon
D:8:      kennysheep_mini, david_lair_generic, serial_shops, shop,
          grunt_pizzeria, hangedman_decor_diamond_cutter, minmay_nine_imps
D:9:      minmay_twisted_water
D:10:     orc_0_dummy, serial_shops, shop, basic_altar, uniq_erica
D:11:     special_room
D:12:     lemuel_ogre_cave, uniq_sonja, uniq_erolcha
D:13:     serial_shops, nicolae_shop_window_shopping,
          nicolae_trove_entry_crossroad, lightli_corner_chamber
D:14:     david_vaults_5, minmay_holes
D:15:     grunt_enter_depths_magical_seal, hangedman_glass_teeth,
          minmay_variable_closet, uniq_rupert
Temple:   bh_familiar_temple
Lair:2:   nicolae_spider_entry_orb_guardian, grunt_megastairs_2
Lair:3:   swamp_mist, grunt_megastairs_1
Lair:6:   evilmike_catoblepas_cave, slime_altar_1, serial_bayou_shore_b,
          infiniplex_staircase_pool_2
Swamp:1:  evilmike_swamp_ruin_rubble_2
Swamp:2:  nicolae_swamp_feature_on_the_river_bank, infiniplex_staircase_pool
Swamp:3:  serial_swamp_ruin, evilmike_swamp_ruin_house_2,
          evilmike_swamp_ruin_house_1, swamp_pool3, uniq_mara, uniq_roxanne
Swamp:4:  swamp_icy
Spider:2: mumra_spider_spiderweb
Spider:4: grunt_spider_rune_island, uniq_arachne
Orc:1:    serial_shops, nicolae_shop_stone, enter_bailey_3
Orc:2:    grunt_orc_gardens, grunt_orc_garden, grunt_orc_garden,
          grunt_orc_garden, grunt_orc_garden, serial_shops,
          nicolae_shop_temple_entry_statues_fountains, okawaru_metal_pillars_1_2
Vaults:1: v_misc_11, nicolae_vaults_big_ls, vaults_standard_mumra_x,
          grunt_vaults_twisty, vaults_room_door_ring, uniq_asterion, uniq_aizul
Vaults:2: vaults_mumra_minichess_inversion, vaults_room_pool, v_misc_18,
          st_star, v_rooms_4, v_misc_1, hangedman_vaults_capsules, v_misc_28,
          nicolae_vaults_little_squares_4, nicolae_vaults_big_angled_halls,
          serial_shops, nicolae_shop_overgrown_old_shop
Bailey:   bailey_axe_2, bailey
